[Event "Early-Titled-Tuesday-Blitz-February-06-2024"]
[Site "Chess.com"]
[Date "2024.02.06"]
[Round "6"]
[White "Alexchess1984"]
[Black "goodwilll"]
[Result "1-0"]
[WhiteElo "2657"]
[BlackElo "2501"]
[TimeControl "180+1"]
[EndTime "9:06:34 PST"]
[Termination "Alexchess1984 won by resignation"]

1. e4 e5 2. Nf3 Nc6 3. Nc3 Nf6 4. g3 d5 5. exd5 Nxd5 6. Bg2 Nxc3 7. bxc3 Bc5 8. O-O O-O 9. Re1 Re8 10. d4 exd4 11.
Rxe8+ Qxe8 12. cxd4 Bb6 13. c4 Bg4 14. d5 Nd4 15.
Be3 Nxf3+ 16. Bxf3 Bxe3 17. Bxg4 Bc5 18. Qd2 g6 19. h4 h5 20. Re1 Qf8 21. Bh3 Qd6 22. Qd3 Qf6 23. Re2 a5 24. Kg2 b6 25. Qf3 Qd4 26. Re4 Qb2 27. Re2 Qb1 28. d6 c6 29.
d7 Kg7 30. Re8 1-0

[Event "Early-Titled-Tuesday-Blitz-February-06-2024"]
[Site "Chess.com"]
[Date "2024.02.06"]
[Round "6"]
[White "mary-sanna"]
[Black "smotherhubbard"]
[Result "0-1"]
[WhiteElo "2186"]
[BlackElo "2352"]
[TimeControl "180+1"]
[EndTime "9:06:34 PST"]
[Termination "smotherhubbard won by resignation"]

1. d4 Nf6 2. c4 e6 3. Nf3 b6 4. g3 Ba6 5. Qc2 Be7 6. Bg2 d5 7. Ne5 O-O 8. O-O c5 9. Rd1 cxd4 10. Rxd4 Bd6 11. Bf4 Bxe5 12. Bxe5 Nc6 13. Bxf6 Qxf6 14.
Rf4 Qe5 15. cxd5 Nd4 16. Qa4 Nxe2+ 17. Kh1 Qxb2 18. h4 Nxf4 19. Qxf4 Qxa1 20. Be4 exd5 21.
Bc2 Rac8 22. Bf5 Rc1+ 23. Qxc1 Qd4 24. Qc2 g6 25. Bh3 Bd3 26. Qc1 Qxf2 27. Qg1 Qxg1+ 0-1

[Event "Early-Titled-Tuesday-Blitz-February-06-2024"]
[Site "Chess.com"]
[Date "2024.02.06"]
[Round "6"]
[White "Arlo2024"]
[Black "GMT4114"]
[Result "1-0"]
[WhiteElo "2292"]
[BlackElo "1972"]
[TimeControl "180+1"]
[EndTime "9:06:36 PST"]
[Termination "Arlo2024 won on time"]

1. e4 e6 2. d4 d5 3. Nd2 h6 4. e5 c5 5. c3 Nc6 6. Ndf3 Nge7 7. Bd3 Nf5 8. Ne2 Qb6 9. O-O cxd4 10. cxd4 Be7 11. b3 Bd7 12. Be3 Nb4 13. Bb1 Bb5 14. a3 Nc6 15. Re1 Bxe2 16. Rxe2 Nxe3 17. Rxe3 Rc8 18.
Ra2 a5 19. Rd2 O-O 20. a4 Rc7 21. h4 Rfc8 22. Qe2 Bf8 23. Kh2 Ne7 24. h5 Rc1 25. Qd3 g6 26. hxg6 Nxg6 27. Nh4 Rxb1 28. Nxg6 Rcc1 29.
Nh4 1-0

[Event "Early-Titled-Tuesday-Blitz-February-06-2024"]
[Site "Chess.com"]
[Date "2024.02.06"]
[Round "6"]
[White "ScofieldMichael01"]
[Black "DonMicheleCorleone"]
[Result "1-0"]
[WhiteElo "2626"]
[BlackElo "2420"]
[TimeControl "180+1"]
[EndTime "9:06:37 PST"]
[Termination "ScofieldMichael01 won by resignation"]

1. d4 d5 2. Nf3 Bf5 3. g3 e6 4. Bg2 h6 5. O-O c6 6. c4 dxc4 7. a4 Nf6 8. Nc3 Ne4 9. Ne5 Nxc3 10. bxc3 Nd7 11. Nxc4 Be7 12. a5 O-O 13. e4 Bh7 14.
Rb1 b5 15. axb6 axb6 16. Be3 b5 17. Nd2 Qa5 18. Qb3 Rfb8 19. Bf4 Rb7 20. Nc4 Qa4 21.
Nd6 Rba7 22. g4 f6 23. Qxe6+ Kh8 24. Nf7+ Kg8 25. Nxh6+ Kh8 26. Nf7+ Kg8 27. Ng5+ Kh8 28.
Nxh7 Nb6 29. e5 Kxh7 30. Be4+ Kh8 31. Qf5 Kg8 32. e6 Kf8 33. Qh7 Ke8 34. Bxc6+ Kd8 35. Qg8+ 1-0

[Event "Early-Titled-Tuesday-Blitz-February-06-2024"]
[Site "Chess.com"]
[Date "2024.02.06"]
[Round "6"]
[White "Orphanator2009"]
[Black "MNyuyu"]
[Result "1-0"]
[WhiteElo "2458"]
[BlackElo "2314"]
[TimeControl "180+1"]
[EndTime "9:06:39 PST"]
[Termination "Orphanator2009 won by resignation"]

1. c4 e6 2. Nc3 f5 3. g3 Nf6 4.
Bg2 Bb4 5. Nf3 O-O 6. O-O Bxc3 7.
dxc3 d6 8. Be3 Nc6 9. c5 d5 10. b4 a6 11. a4 e5 12. b5 e4 13. bxc6 exf3 14. cxb7 Bxb7 15. Bxf3 Bc6 16. Bd4 Ne4 17. e3 Qd7 18. Qc2 a5 19. c4 Rab8 20. cxd5 Bxd5 21. Rfd1 c6 22. Be5 Rbe8 23. Bd6 Rf7 24. Rab1 Qe6 25. Bg2 Rd7 26. Rb6 Nxd6 27. Bxd5 cxd5 28. Qd2 Red8 29.
Rxd6 Rxd6 30. cxd6 Rxd6 31. Qxa5 h6 32. Qc3 Kh7 33. a5 Qe4 34. Qd3 Qe6 35. Ra1 Ra6 36. g4 Qe4 37. Qxe4 dxe4 38. gxf5 Kg8 39. Kg2 Kf7 40. Kg3 Kf6 41. Kf4 1-0

[Event "Early-Titled-Tuesday-Blitz-February-06-2024"]
[Site "Chess.com"]
[Date "2024.02.06"]
[Round "6"]
[White "angelgab3"]
[Black "secretsuperstar7"]
[Result "1-0"]
[WhiteElo "2750"]
[BlackElo "2519"]
[TimeControl "180+1"]
[EndTime "9:06:40 PST"]
[Termination "angelgab3 won on time"]

1. e4 c5 2. Nf3 d6 3. d4 cxd4 4. Nxd4 Nf6 5. Nc3 Nc6 6. Bg5 g6 7. Bb5 Bd7 8. Bxf6 exf6 9. Qd2 Bg7 10. O-O-O O-O 11. Nde2 Qb6 12. Qxd6 Rad8 13. f3 Be6 14. Qa3 Qf2 15. Rhg1 f5 16. Rdf1 Qe3+ 17. Kb1 Nd4 18. Bd3 Nxe2 19. Nxe2 fxe4 20. fxe4 Bg4 21. Nf4 Qd4 22.
Nd5 Be6 23. Nc3 Rd6 24. Nb5 Ra6 25. Nxd4 Rxa3 26. Nxe6 fxe6 27. Rxf8+ 1-0

[Event "Early-Titled-Tuesday-Blitz-February-06-2024"]
[Site "Chess.com"]
[Date "2024.02.06"]
[Round "6"]
[White "Let_it_be_1"]
[Black "FlemingA"]
[Result "1-0"]
[WhiteElo "2591"]
[BlackElo "2428"]
[TimeControl "180+1"]
[EndTime "9:06:40 PST"]
[Termination "Let_it_be_1 won by checkmate"]

1. e4 g6 2. d4 Bg7 3. Nc3 d6 4. f4 c6 5. Nf3 Nd7 6. Be3 b5 7. a3 Ngf6 8. Bd3 O-O 9. O-O Nb6 10. Qe2 Bg4 11. h3 Bxf3 12. Qxf3 Nc4 13. Bxc4 bxc4 14. e5 Nd5 15. Nxd5 cxd5 16. Qxd5 Qb6 17. Qxc4 Rfc8 18.
Qb3 Qa6 19. c3 Rab8 20. Qc2 Qc4 21. Qf2 Rb3 22. exd6 exd6 23. Rae1 Rcb8 24. Bc1 R3b5 25. Re7 a5 26. Rfe1 h5 27. g4 Qd3 28. Kg2 hxg4 29. hxg4 Bf6 30. Re8+ Kg7 31. g5 Bd8 32. Qh4 Bxg5 33. Qh8# 1-0

[Event "Early-Titled-Tuesday-Blitz-February-06-2024"]
[Site "Chess.com"]
[Date "2024.02.06"]
[Round "6"]
[White "Witik"]
[Black "Keeper0416"]
[Result "1-0"]
[WhiteElo "2777"]
[BlackElo "2566"]
[TimeControl "180+1"]
[EndTime "9:06:41 PST"]
[Termination "Witik won on time"]

1. d4 Nf6 2. c4 g6 3. Nc3 d5 4. cxd5 Nxd5 5. e4 Nxc3 6. bxc3 Bg7 7. Bg5 c5 8. Rc1 Qa5 9. Qd2 h6 10. Bh4 cxd4 11. cxd4 Qxd2+ 12. Kxd2 O-O 13. Nf3 g5 14. Bg3 Bg4 15. d5 f5 16. exf5 Nd7 17. Bc4 Kh8 18. h4 Bxf3 19. gxf3 gxh4 20. Bxh4 Rxf5 21. Bxe7 Rxf3 22. Ke2 Rf7 23. d6 Rxe7+ 24. dxe7 Re8 25. Bb5 Rxe7+ 26. Kf1 Nb6 27. Rd1 Kg8 28. a4 1-0

[Event "Early-Titled-Tuesday-Blitz-February-06-2024"]
[Site "Chess.com"]
[Date "2024.02.06"]
[Round "6"]
[White "Arteler"]
[Black "ChessBliss09"]
[Result "0-1"]
[WhiteElo "2525"]
[BlackElo "2139"]
[TimeControl "180+1"]
[EndTime "9:06:43 PST"]
[Termination "ChessBliss09 won by checkmate"]

1. Nf3 d5 2. d4 Nf6 3. c4 c6 4.
cxd5 cxd5 5. Nc3 Nc6 6. Bf4 a6 7. e3 e6 8. Bd3 Bd6 9. Bg3 O-O 10. Qc2 Qc7 11. Bh4 Nb4 12. Qb1 Nxd3+ 13. Qxd3 Be7 14. Bg3 Bd6 15. Bh4 Be7 16. Bg3 Qb6 17.
Qc2 Bd7 18. O-O Rac8 19. Qb3 Qxb3 20. axb3 Bb4 21. Rfc1 Bxc3 22. Rxc3 Rxc3 23. bxc3 Rc8 24. Rc1 Ne4 25. c4 Nxg3 26. hxg3 Kf8 27. Ne5 Ke7 28. c5 f6 29. Nxd7 Kxd7 30. Kf1 b6 31. b4 a5 32. bxa5 bxc5 33. dxc5 Ra8 34. Rb1 Kc6 35. Rb6+ Kxc5 36. Rb7 Rxa5 37. Rxg7 Kc4 38. Rxh7 Kd3 39. Rf7 Ra1# 0-1

[Event "Early-Titled-Tuesday-Blitz-February-06-2024"]
[Site "Chess.com"]
[Date "2024.02.06"]
[Round "6"]
[White "colegiodemadrid"]
[Black "Asteroxylon"]
[Result "1-0"]
[WhiteElo "2503"]
[BlackElo "2353"]
[TimeControl "180+1"]
[EndTime "9:06:44 PST"]
[Termination "colegiodemadrid won by resignation"]

1. Nf3 d5 2. d4 e6 3. Bf4 c5 4.
c3 Nc6 5. e3 Nf6 6. Nbd2 cxd4 7. exd4 Nh5 8. Be3 Bd6 9. g3 f5 10. Ne5 g6 11. Be2 Nf6 12. Nd3 Qc7 13. Nf3 Ne4 14.
Bf4 Bd7 15. Bxd6 Qxd6 16. Nfe5 O-O 17. f3 Nf6 18. O-O Ne7 19. Qd2 Rad8 20. Rae1 Bb5 21. Nf4 Bxe2 22. Rxe2 g5 23. Nfd3 h6 24. h4 Nh7 25.
hxg5 hxg5 26. Rh2 Rf6 27. Kg2 Kg7 28. Rfh1 Rh8 29. Rxh7+ Rxh7 30. Qxg5+ Ng6 31. Nf4 Rxh1 32. Kxh1 Qa6 33. Nh5+ Kg8 34. Nxf6+ Kf8 35. Qh6+ 1-0

[Event "Early-Titled-Tuesday-Blitz-February-06-2024"]
[Site "Chess.com"]
[Date "2024.02.06"]
[Round "6"]
[White "Dedic8"]
[Black "Djager97"]
[Result "0-1"]
[WhiteElo "2868"]
[BlackElo "2632"]
[TimeControl "180+1"]
[EndTime "9:06:46 PST"]
[Termination "Djager97 won by checkmate"]

1. d4 d5 2. c4 e6 3. Nc3 c6 4. e3 Nf6 5. Nf3 Nbd7 6. cxd5 exd5 7. Bd3 Bd6 8. b3 O-O 9. Bb2 Re8 10. Nd2 Nf8 11. Qc2 a5 12. O-O Ng6 13. Rae1 Ng4 14. h3 Nh2 15. Na4 Qh4 16. Bf5 Nxf1 17. Rxf1 Qg5 18.
Bxc8 Raxc8 19. Nf3 Qf6 20. Nc5 Re7 21. Qd2 b6 22. Na4 Bc7 23. Rc1 Re6 24. b4 axb4 25. Qxb4 Nh4 26. Nxh4 Qxh4 27. Bc3 Rg6 28. Kf1 Qg5 29.
g3 Bxg3 30. fxg3 Qxe3 31. Qb2 Rxg3 32. Be1 Rg1# 0-1

[Event "Early-Titled-Tuesday-Blitz-February-06-2024"]
[Site "Chess.com"]
[Date "2024.02.06"]
[Round "6"]
[White "Sattarov_Bobur"]
[Black "Msb2"]
[Result "1-0"]
[WhiteElo "2795"]
[BlackElo "2996"]
[TimeControl "180+1"]
[EndTime "9:06:47 PST"]
[Termination "Sattarov_Bobur won by checkmate"]

1. e4 e6 2. d4 d5 3. e5 c5 4.
c3 Nc6 5. Nf3 Nge7 6. Na3 Bd7 7.
Bd3 cxd4 8. Nb5 Ng6 9. Qe2 dxc3 10. bxc3 a6 11. Nbd4 Nxd4 12. cxd4 Bb4+ 13. Kf1 O-O 14.
h4 f5 15. h5 Nh8 16. Rb1 Rc8 17. Be3 Qa5 18. Ng5 Nf7 19. Nh3 b5 20. g4 f4 21. Nxf4 Be7 22. Bxh7+ Kxh7 23. Qd3+ Kg8 24. h6 Nxh6 25. Rxh6 gxh6 26. Qg6+ Kh8 27. Qxh6+ Kg8 28. Qg6+ Kh8 29. Kg2 Bh4 30. Rh1 Qd8 31. g5 Rxf4 32. Bxf4 Qxg5+ 33. Bxg5 Rg8 34. Rxh4# 1-0

[Event "Early-Titled-Tuesday-Blitz-February-06-2024"]
[Site "Chess.com"]
[Date "2024.02.06"]
[Round "6"]
[White "Omranalhosani21"]
[Black "Sanyura"]
[Result "0-1"]
[WhiteElo "2509"]
[BlackElo "2682"]
[TimeControl "180+1"]
[EndTime "9:06:47 PST"]
[Termination "Sanyura won on time"]

1. d4 Nf6 2. c4 g6 3. Nc3 Bg7 4.
e4 d6 5. h3 O-O 6. Be3 e5 7.
d5 a5 8. g4 Na6 9. Nge2 b6 10. Ng3 Nc5 11. Be2 Ne8 12. h4 f5 13.
gxf5 gxf5 14. exf5 Bxf5 15. Nxf5 Rxf5 16. Qc2 Rf8 17.
O-O-O Qf6 18. Rdg1 Kh8 19. h5 Bh6 20. Kb1 Bxe3 21. fxe3 Qh6 22. Rh3 Rf2 23. Nb5 a4 24. Rhg3 Nf6 25. Nxc7 Rc8 26. Ne6 a3 27. b4 Nce4 28.
R3g2 Rxg2 29. Rxg2 Qxe3 30. Bd3 Qe1+ 31. Qc1 Qxb4+ 32. Ka1 b5 33. Qf1 Qc3+ 34. Kb1 bxc4 35. Bxc4 Rxc4 0-1

[Event "Early-Titled-Tuesday-Blitz-February-06-2024"]
[Site "Chess.com"]
[Date "2024.02.06"]
[Round "6"]
[White "Flaccidmoves"]
[Black "the_chess_child"]
[Result "0-1"]
[WhiteElo "2454"]
[BlackElo "2877"]
[TimeControl "180+1"]
[EndTime "9:06:48 PST"]
[Termination "the_chess_child won by resignation"]

1. Nf3 Nf6 2. c4 g6 3. Nc3 Bg7 4. e4 d6 5. d4 O-O 6. h3 Nbd7 7. Bd3 e5 8. d5 Nh5 9. g3 Nc5 10. Bc2 a5 11. Be3 Bd7 12. Qe2 a4 13. a3 Qe8 14.
Nh4 b6 15. Nf5 gxf5 16. Qxh5 fxe4 17. Nxe4 Nxe4 18. Bxe4 f5 19. Qxe8 Raxe8 20. Bc2 f4 21. Bd2 fxg3 22. fxg3 e4 23. Bf4 Bxb2 24. Ra2 Be5 25.
Bxe5 Rxe5 26. Bd1 b5 27. Be2 bxc4 28. Bxc4 Rf3 29. g4 Rc3 30. Bf1 Rxd5 31. Rhh2 Rc1+ 32. Kf2 e3+ 33. Kg1 Bb5 34. Rhe2 Bxe2 35. Rxe2 Rdd1 0-1

[Event "Early-Titled-Tuesday-Blitz-February-06-2024"]
[Site "Chess.com"]
[Date "2024.02.06"]
[Round "6"]
[White "Manukyan_Artak"]
[Black "Al_Shima"]
[Result "1-0"]
[WhiteElo "2482"]
[BlackElo "2333"]
[TimeControl "180+1"]
[EndTime "9:06:49 PST"]
[Termination "Manukyan_Artak won by resignation"]

1. e4 c5 2. Nf3 e6 3. c3 Nf6 4.
e5 Nd5 5. d4 cxd4 6. cxd4 Nc6 7. Nc3 Nxc3 8. bxc3 d6 9. Bd3 dxe5 10. dxe5 Qc7 11. Qe2 Bd7 12. O-O Be7 13. Re1 h6 14. Qe4 Rc8 15. Qg4 g6 16. h4 h5 17. Qg3 Na5 18.
Bd2 Nc4 19. Bg5 Bc6 20. Bxc4 Bxf3 21. Qxf3 Qxc4 22. Bxe7 Kxe7 23. Qf6+ Kd7 24. Qxf7+ Kc6 25. Red1 Rhd8 26. Qxg6 Kc7 27. Qxh5 Kb8 28. Rxd8 Rxd8 29. Qg5 Rf8 30. Rd1 Qe2 31. Rd8+ 1-0

[Event "Early-Titled-Tuesday-Blitz-February-06-2024"]
[Site "Chess.com"]
[Date "2024.02.06"]
[Round "6"]
[White "Szachulec75"]
[Black "topce"]
[Result "0-1"]
[WhiteElo "2210"]
[BlackElo "2386"]
[TimeControl "180+1"]
[EndTime "9:06:50 PST"]
[Termination "topce won on time"]

1. Nf3 c5 2. g3 Nc6 3. Bg2 g6 4. O-O Bg7 5. d3 d6 6. e4 Bg4 7. Nc3 Qd7 8. Re1 Bh3 9. Bh1 h5 10. Be3 Bg4 11. Qd2 h4 12. Nxh4 Nd4 13. Bxd4 Bxd4 14.
Nd5 Bxb2 15. Rab1 Bg7 16. c3 Bh3 17. Nf3 Bg4 18. h4 Nf6 19. Ne3 Rb8 20. Nh2 Bh3 21. d4 cxd4 22. cxd4 O-O 23. Qe2 Qa4 24. Red1 Be6 25.
e5 dxe5 26. d5 Bd7 27. Nc4 e4 28. Ne5 Rfd8 29. Nxd7 Rxd7 30. Ng4 Nxd5 0-1

[Event "Early-Titled-Tuesday-Blitz-February-06-2024"]
[Site "Chess.com"]
[Date "2024.02.06"]
[Round "6"]
[White "jlmanzanares"]
[Black "BestestBP"]
[Result "0-1"]
[WhiteElo "2022"]
[BlackElo "2245"]
[TimeControl "180+1"]
[EndTime "9:06:50 PST"]
[Termination "BestestBP won by checkmate"]

1. e4 e5 2. Nf3 Nc6 3. Bc4 Nf6 4.
O-O Be7 5. d3 O-O 6. c3 d6 7.
Nbd2 a6 8. Bb3 Bg4 9. h3 Bh5 10. Re1 Na5 11. Bc2 c5 12. Nf1 b5 13. g4 Nxg4 14.
Ng3 Nf6 15. Nxh5 Nxh5 16. Kh1 Qd7 17. Kh2 g6 18. Rg1 Ng7 19. Bh6 Nc6 20. Qf1 f5 21.
Bb3+ c4 22. dxc4 Na5 23. cxb5+ Nxb3 24. axb3 fxe4 25. Qc4+ d5 26. Qc6 Qxc6 27. bxc6 Rxf3 28. c7 Rxf2+ 29. Rg2 Rff8 30. Be3 Rfc8 31. Bb6 Nf5 32. Rd2 d4 33. cxd4 exd4 34. Rc2 Bd6+ 35. Kg2 Ne3+ 36. Kf2 Nxc2 37. Rc1 d3 38. Rg1 Bxc7 39. Bxc7 Rxc7 40. Rg4 d2 41. Rxe4 d1=Q 42. h4 Rf8+ 43. Kg2 Ne1+ 44. Kh2 Rc2+ 45. Kh3 Qf3# 0-1

[Event "Early-Titled-Tuesday-Blitz-February-06-2024"]
[Site "Chess.com"]
[Date "2024.02.06"]
[Round "6"]
[White "Ariadna_Atreides"]
[Black "JohnWhite1952"]
[Result "1-0"]
[WhiteElo "2173"]
[BlackElo "1961"]
[TimeControl "180+1"]
[EndTime "9:06:50 PST"]
[Termination "Ariadna_Atreides won on time"]

1. d4 Nf6 2. Nf3 g6 3. c4 Bg7 4. Nc3 d5 5. cxd5 Nxd5 6. e4 Nxc3 7. bxc3 O-O 8. Be3 c5 9. Bc4 Nc6 10. O-O cxd4 11. cxd4 Bg4 12. e5 Qa5 13. Rb1 b6 14. h3 Bd7 15. Qb3 Nd8 16. Bg5 e6 17. Qe3 Rc8 18. Rfc1 Nc6 19. Bh6 Bxh6 20. Qxh6 f5 21. Ng5 Rf7 22. Nxf7 Kxf7 23. Qxh7+ Kf8 24. Qxg6 Nxd4 25. Bf1 Qxe5 26. Rd1 Rc2 27. Qh6+ Kg8 28. Qe3 1-0

[Event "Early-Titled-Tuesday-Blitz-February-06-2024"]
[Site "Chess.com"]
[Date "2024.02.06"]
[Round "6"]
[White "Alen_Yeremyann"]
[Black "mitrabhaa"]
[Result "0-1"]
[WhiteElo "2727"]
[BlackElo "2915"]
[TimeControl "180+1"]
[EndTime "9:06:53 PST"]
[Termination "mitrabhaa won on time"]

1. e4 c6 2. Nc3 d5 3. d4 dxe4 4. Nxe4 Nf6 5. Nxf6+ gxf6 6. c3 h5 7. Bd3 h4 8. Ne2 h3 9. g3 Qd5 10. Rg1 Bf5 11. Qc2 Bxd3 12. Qxd3 e6 13. Be3 Nd7 14. Qc2 Bd6 15. a3 O-O-O 16. O-O-O Nb6 17. Nf4 Bxf4 18. Bxf4 a5 19. a4 Qa2 20. b3 Qxc2+ 21. Kxc2 Nd5 22. Bd2 b6 23. c4 Ne7 24.
Bc3 Rh6 25. Rd3 Nf5 26. g4 Nd6 27. f3 Kb7 28. Bd2 Rg6 29. Re1 Nc8 30. d5 cxd5 31. cxd5 exd5 32. Bf4 f5 33. gxf5 Rg2+ 34. Kc3 Rd7 35.
Kd4 Na7 36. Re8 Nc6+ 37. Ke3 d4+ 0-1

[Event "Early-Titled-Tuesday-Blitz-February-06-2024"]
[Site "Chess.com"]
[Date "2024.02.06"]
[Round "6"]
[White "Aash20"]
[Black "NowInChess"]
[Result "0-1"]
[WhiteElo "2454"]
[BlackElo "2341"]
[TimeControl "180+1"]
[EndTime "9:06:53 PST"]
[Termination "NowInChess won by resignation"]

1. e4 e6 2. d4 d5 3. Nd2 Nc6 4. Ngf3 Nf6 5. e5 Nd7 6. Bd3 f6 7. exf6 Qxf6 8. c3 Bd6 9. O-O O-O 10. Nb3 e5 11. dxe5 Ndxe5 12. Nxe5 Nxe5 13. Bc2 c6 14. Nd4 Ng4 15. Nf3 Bf5 16. h3 Ne5 17. Bxf5 Qxf5 18.
Nxe5 Qxe5 19. f4 Qf6 20. Kh1 Rae8 21. Bd2 Qh4 22. Qf3 Re4 23. f5 Bg3 24. Rac1 b5 25.
Rcd1 Rfe8 26. f6 gxf6 27. Qxf6 Qxf6 28. Rxf6 Re2 29. Rxc6 Rxd2 30. Rf1 Re1 31. Rxe1 Bxe1 32. g4 Rxb2 33. Rd6 Bxc3 34. Rxd5 b4 35. Ra5 Bd4 36.
Ra6 Bb6 37. h4 Kg7 38. Ra4 a5 39. a3 Ra2 40. h5 Rxa3 41. Rxa3 bxa3 42. g5 a2 43. h6+ Kg6 44. Kg2 a1=Q 0-1

[Event "Early-Titled-Tuesday-Blitz-February-06-2024"]
[Site "Chess.com"]
[Date "2024.02.06"]
[Round "6"]
[White "KaterynaLagno"]
[Black "Raud100"]
[Result "1-0"]
[WhiteElo "2803"]
[BlackElo "2430"]
[TimeControl "180+1"]
[EndTime "9:06:55 PST"]
[Termination "KaterynaLagno won on time"]

1. e4 d6 2. d4 Nf6 3. Nc3 g6 4. Be3 c6 5. Nf3 b5 6. Bd3 b4 7.
Ne2 a5 8. c3 Ba6 9. Ng3 Bg7 10.
c4 O-O 11. b3 Nbd7 12. h3 e5 13.
O-O c5 14. d5 Ne8 15. a4 Bc8 16. Qd2 f6 17. h4 Rf7 18. Nh2 h5 19. Ne2 f5 20.
exf5 gxf5 21. Bg5 Ndf6 22. Ng3 e4 23. Be2 Qc7 24. Rae1 Ng4 25. Nxh5 Bc3 26. Qc1 Nxh2 27. Kxh2 Bxe1 28. Rxe1 Rh7 29. Nf4 Qf7 30. Qb2 Qg7 31. Qxg7+ Nxg7 32. f3 Kf7 33. Bd1 Bd7 34. fxe4 Re8 35.
Bc2 Nh5 36. Rf1 Nxf4 37. Rxf4 Rhh8 38. g4 1-0

[Event "Early-Titled-Tuesday-Blitz-February-06-2024"]
[Site "Chess.com"]
[Date "2024.02.06"]
[Round "6"]
[White "cthake"]
[Black "GoValya"]
[Result "1/2-1/2"]
[WhiteElo "1796"]
[BlackElo "2264"]
[TimeControl "180+1"]
[EndTime "9:06:55 PST"]
[Termination "Game drawn by repetition"]

1. c4 Nf6 2. Nc3 c6 3. g3 g6 4. Bg2 d5 5. cxd5 cxd5 6. d3 Bg7 7. Nf3 O-O 8. O-O Nc6 9. Rb1 h6 10. b4 a6 11. Bd2 Be6 12. a4 d4 13. Ne4 Nxe4 14.
dxe4 Rc8 15. b5 axb5 16. axb5 Na5 17. Qa4 Nc4 18. Bb4 Qd7 19. Rfd1 Ra8 20. Qc2 Rfc8 21. Qd3 Qxb5 22. Nxd4 Qe5 23. f4 Qxd4+ 24. Qxd4 Bxd4+ 25. Rxd4 Ne3 26. Kf2 Nc2 27. Rd2 Nxb4 28. Rxb4 Rc7 29. e5 Ra7 30. Rdb2 Bc8 31. h3 h5 32. Rb6 Kg7 33. e3 Ra6 34. R6b4 Ra7 35. Rb6 Ra6 36. R6b4 Ra7 37. Rb6 1/2-1/2

[Event "Early-Titled-Tuesday-Blitz-February-06-2024"]
[Site "Chess.com"]
[Date "2024.02.06"]
[Round "6"]
[White "MokshAD1603"]
[Black "maciek_92"]
[Result "1-0"]
[WhiteElo "2615"]
[BlackElo "2789"]
[TimeControl "180+1"]
[EndTime "9:06:56 PST"]
[Termination "MokshAD1603 won by checkmate"]

1. d4 d5 2. c4 e6 3. Nf3 Nf6 4. Nc3 Be7 5. Bf4 O-O 6. e3 b6 7.
Bd3 Bb7 8. cxd5 exd5 9. O-O c5 10. Ne5 Nc6 11. Qf3 cxd4 12. Nxc6 Bxc6 13. exd4 h6 14. Rfe1 Re8 15. Rac1 Qd7 16. h3 Nh7 17. Be5 Bg5 18.
Bf5 Qb7 19. Rcd1 g6 20. Bc2 Rad8 21. Bb3 Be7 22. Bf4 Ng5 23. Bxg5 hxg5 24. Re5 Bb4 25.
Nxd5 Bxd5 26. Bxd5 Qc7 27. Qf6 Kf8 28. Qh8# 1-0

[Event "Early-Titled-Tuesday-Blitz-February-06-2024"]
[Site "Chess.com"]
[Date "2024.02.06"]
[Round "6"]
[White "Thunderbolt135"]
[Black "SouS007"]
[Result "1-0"]
[WhiteElo "2696"]
[BlackElo "2518"]
[TimeControl "180+1"]
[EndTime "9:06:56 PST"]
[Termination "Thunderbolt135 won by checkmate"]

1. b3 e5 2. Bb2 Nc6 3. e3 Nf6 4. Bb5 Bd6 5. Ne2 O-O 6. Na3 Na5 7. Ng3 a6 8. Be2 Re8 9. c4 Bf8 10. O-O Nc6 11. f4 e4 12. Nc2 d6 13. Nd4 Bd7 14. Kh1 Nxd4 15. Bxd4 c5 16. Bb2 b5 17.
Qc2 Bc6 18. Qc3 b4 19. Qc2 g6 20. f5 g5 21. Nh5 Nxh5 22. Bxh5 Bg7 23. f6 Bh8 24. Rf5 h6 25. Raf1 Bd7 26. Rd5 Bc6 27.
Rdf5 Bd7 28. R5f2 Qc8 29. Qd1 Be6 30. d4 Rd8 31. d5 Bd7 32. Bxf7+ Kxf7 33. Qh5+ Kf8 34.
Qxh6+ Kf7 35. Qh7+ Kf8 36. Qxh8+ Kf7 37. Qg7+ Ke8 38.
Qe7# 1-0

[Event "Early-Titled-Tuesday-Blitz-February-06-2024"]
[Site "Chess.com"]
[Date "2024.02.06"]
[Round "6"]
[White "Brahianzevich"]
[Black "flomarechot"]
[Result "1-0"]
[WhiteElo "2446"]
[BlackElo "2300"]
[TimeControl "180+1"]
[EndTime "9:06:58 PST"]
[Termination "Brahianzevich won by resignation"]

1. e4 d6 2. d4 Nf6 3. Nd2 e5 4.
dxe5 dxe5 5. Ngf3 Nbd7 6. Bc4 Be7 7.
O-O O-O 8. Qe2 c6 9. a4 a5 10. Rd1 Qc7 11. Nf1 Nc5 12. Ng3 Rd8 13. Bg5 Be6 14.
b3 h6 15. Be3 Ng4 16. Nf5 Nxe3 17. Nxe3 g6 18. Bxe6 Nxe6 19. Qc4 h5 20. h4 Bc5 21.
Nf5 Qb6 22. Nh6+ Kg7 23. Nxf7 Bxf2+ 24. Kh1 Nd4 25. N7xe5 Nxf3 26. Qf7+ 1-0

[Event "Early-Titled-Tuesday-Blitz-February-06-2024"]
[Site "Chess.com"]
[Date "2024.02.06"]
[Round "6"]
[White "Juicy_Fork"]
[Black "Vazabanga"]
[Result "1-0"]
[WhiteElo "2459"]
[BlackElo "2631"]
[TimeControl "180+1"]
[EndTime "9:07:00 PST"]
[Termination "Juicy_Fork won on time"]

1. e4 c5 2. Nf3 d6 3. d4 cxd4 4.
Nxd4 Nf6 5. Nc3 Nc6 6. Bg5 e6 7. Qd3 Bd7 8. Ndb5 d5 9. Bxf6 gxf6 10. exd5 Nb4 11. Qd2 a6 12. dxe6 Bxb5 13. exf7+ Kxf7 14. Nxb5 Qxd2+ 15. Kxd2 axb5 16. Bxb5 Rd8+ 17. Kc3 Rc8+ 18. Bc4+ Kg6 19. Kb3 Nc6 20. Bd3+ f5 21. c3 Bg7 22. g4 Kg5 23. h4+ Kf4 24. Bxf5 Rcd8 25. Rae1 Rhe8 26.
Rxe8 Rxe8 27. Bxh7 Re2 28. h5 Bh6 29. Bf5 Rxf2 30. Re1 Na5+ 31. Ka4 b6 32. b4 Rxa2+ 33. Kb5 Nb3 34. Kxb6 Bg5 35. Re4+ Kf3 36. Re6 Rc2 37. Bxc2 1-0

[Event "Early-Titled-Tuesday-Blitz-February-06-2024"]
[Site "Chess.com"]
[Date "2024.02.06"]
[Round "6"]
[White "Eagle_2019"]
[Black "tandaleo"]
[Result "1-0"]
[WhiteElo "2865"]
[BlackElo "2550"]
[TimeControl "180+1"]
[EndTime "9:07:01 PST"]
[Termination "Eagle_2019 won by resignation"]

1. c4 e6 2. Nc3 d5 3. e3 Nf6 4. Nf3 Bd6 5. b3 O-O 6. Bb2 a6 7.
g3 b6 8. Bg2 Bb7 9. O-O Nbd7 10. Qe2 Re8 11. d3 Bf8 12. Rad1 Qc8 13. e4 dxe4 14.
dxe4 e5 15. Nd5 Nxd5 16. exd5 Bd6 17. Rfe1 Nf8 18. Ng5 h6 19. Ne4 Qd8 20. Qh5 Bc8 21. f4 exf4 22. gxf4 Bxf4 23. Rf1 Be3+ 24. Kh1 Ng6 25. Rxf7 Kxf7 26. Rf1+ Kg8 27. Qxg6 Qe7 28. Nf6+ Qxf6 29. Qxe8+ 1-0

[Event "Early-Titled-Tuesday-Blitz-February-06-2024"]
[Site "Chess.com"]
[Date "2024.02.06"]
[Round "6"]
[White "PepeCuenca"]
[Black "lilleper1"]
[Result "0-1"]
[WhiteElo "2707"]
[BlackElo "2913"]
[TimeControl "180+1"]
[EndTime "9:07:01 PST"]
[Termination "lilleper1 won on time"]

1. d4 Nf6 2. Bf4 d5 3. e3 c5 4. dxc5 Nc6 5. Bb5 g6 6. c3 Bg7 7. Nf3 O-O 8. Nbd2 Nd7 9. Nb3 a6 10. Bxc6 bxc6 11. h3 a5 12. O-O e5 13. Bh2 Re8 14.
a4 Ba6 15. Re1 Rb8 16. Nfd2 f5 17. Qc2 Qf6 18. c4 Qe6 19. Nxa5 Nxc5 20. b4 Rxb4 21.
cxd5 Qxd5 22. Rec1 Bf8 23. Ndc4 Nd3 24. Rd1 Rxc4 25.
Qxd3 Qxa5 26. Qd7 Re7 27. Qd8 Qxd8 28. Rxd8 Kf7 29. Ra8 Bb7 30. Ra7 Rd7 31. Bxe5 Bc5 0-1